Map: New Repugnancy LE

Players

INject

  • Race: Terran Terran
  • League: Platinum
  • Spawn Location: 7:00

NiMRoD - Winner!

  • Race: Protoss Protoss
  • League: Platinum
  • Spawn Location: 1:00

VOD

Have the link to the VOD?

Description

Time

  • Played on: Feb. 8, 2019, 5:58 a.m.
  • Length: 19:47
Show
View Real Time Build Order
Export as new Build Order

INject Terran 

Build Orders:  

Get SALT Encoding   

  12  0:00  SCV  
  13  0:12  SCV  
  14  0:17  Supply Depot  
  14  0:25  SCV  
  15  0:39  SCV, Barracks  
  16  0:44  Refinery  
  16  0:51  SCV  
  17  1:03  SCV  
  18  1:15  SCV  
  19  1:29  Orbital Command  
  20  1:34  Marine  
  20  1:48  Command Center  
  20  1:57  SCV  
  21  2:03  Barracks  
  21  2:06  Barracks Reactor  
  21  2:14  Supply Depot  
  21  2:16  SCV  
  21  2:22  Refinery  
  23  2:30  SCV  
  23  2:33  Factory  
  23  2:42  SCV  
  23  2:43  Marine  
  25  2:53  Barracks Tech Lab  
  25  2:54  SCV  
  26  3:01  Orbital Command  
  26  3:04  Marine  
  27  3:06  SCV  
  27  3:09  Marine  
  29  3:15  Stimpack  
  29  3:17  Widow Mine  
  29  3:18  SCV  
  32  3:26  Starport  
  32  3:29  SCV  
  32  3:30  SCV  
  34  3:41  SCV, Factory Reactor  
  35  3:42  Supply Depot  
  35  3:44  Marauder  
  35  3:45  SCV  
  35  3:48  Marine  
  39  3:53  SCV  
  40  3:57  Supply Depot, Marine  
  40  3:59  SCV  
  42  4:06  Marine  
  42  4:07  Engineering Bay  
  43  4:10  Marine  
  43  4:12  SCV  
  43  4:15  SCV  
  46  4:19  Refinery  
  46  4:22  Marine  
  46  4:24  SCV  
  48  4:26  Supply Depot  
  48  4:27  Medivac  
  48  4:28  Medivac  
  48  4:29  Factory Reactor  
  52  4:31  SCV  
  52  4:34  Terran Infantry Weapons Level 1  
  52  4:36  SCV  
  54  4:40  Marine, Marauder  
  54  4:43  SCV  
  58  4:46  Marine  
  58  4:52  SCV  
  60  4:53  Refinery  
  60  4:56  Engineering Bay  
  60  5:09  Widow Mine x2  
  64  5:17  SCV  
  65  5:21  SCV  
  65  5:23  Marine, Supply Depot  
  65  5:25  Command Center  
  65  5:26  Missile Turret  
  67  5:29  SCV, Combat Shield  
  68  5:37  Medivac  
  68  5:40  Barracks  
  68  5:42  Terran Infantry Armor Level 1  
  70  5:49  SCV x2  
  72  5:55  Widow Mine x2  
  76  6:01  SCV, Barracks  
  76  6:04  SCV  
  78  6:08  Missile Turret  
  78  6:11  Starport Reactor  
  78  6:16  Armory  
  78  6:19  Supply Depot  
  78  6:24  Supply Depot  
  78  6:26  Supply Depot  
  78  6:37  SCV x2, Marine x3  
  78  6:38  Supply Depot  
  82  6:49  SCV x2  
  83  6:54  Marine x2  
  83  6:55  Marauder  
  84  7:04  SCV  
  85  7:12  Marine x2  
  85  7:13  Orbital Command  
  85  7:15  Medivac x2  
  91  7:16  Marauder  
  91  7:17  Terran Vehicle Weapons Level 1  
  93  7:24  Barracks  
  93  7:30  Barracks, Marine x2  
  93  7:31  Orbital Command  
  93  7:33  Terran Infantry Weapons Level 2  
  95  7:37  Marine  
  96  7:44  SCV  
  96  7:45  Marine  
  96  7:48  Marine x2  
  100  7:52  SCV, Marine  
  100  7:55  Marine  
  100  7:56  Marauder  
  105  8:01  Missile Turret  
  105  8:02  Supply Depot  
  105  8:03  SCV  
  105  8:04  Supply Depot  
  106  8:06  Marine x2  
  106  8:09  Marine  
  106  8:10  SCV x2, Marine, Refinery  
  112  8:15  SCV  
  112  8:17  Marine, Marauder  
  110  8:26  Viking  
  112  8:27  Ghost Academy  
  112  8:29  Barracks Tech Lab  
  111  8:38  Marauder  
  113  8:41  SCV  
  113  8:45  Barracks Reactor  
  113  8:46  Marine x2  
  116  8:48  Supply Depot  
  116  8:49  Refinery  
  116  8:55  Marine x2, Marauder  
  120  8:56  SCV x2  
  120  9:00  Marauder  
  124  9:04  Marine x2, Medivac  
  124  9:05  Viking  
  130  9:13  Marine x2  
  130  9:16  Marauder  
  132  9:21  Marauder  
  132  9:22  Marine x2, Personal Cloaking  
  136  9:30  Marine  
  136  9:31  Marine  
  138  9:38  Marauder  
  140  9:40  Marine x2, Command Center  
  140  9:42  Terran Infantry Armor Level 2, Marauder  
  144  9:47  Terran Ship Weapons Level 1  
  144  9:50  Marine x2  
  144  9:52  Terran Infantry Weapons Level 3  
  146  9:59  Marine x2, Marauder  
  145  10:04  Marauder  
  128  10:14  Marine x2  
  128  10:15  Marine x2  
  128  10:20  Ghost  
  123  10:24  Ghost  
  123  10:28  Marine  
  124  10:39  Command Center  
  124  10:40  SCV  
  125  10:43  Marine x2  
  125  10:44  Marine, Missile Turret  
  125  10:47  Marine  
  125  10:49  Marauder  
  131  10:51  Marine x2  
  131  10:54  Marauder  
  133  11:01  Marine  
  116  11:09  Marine x2  
  116  11:10  Marine, Marauder  
  113  11:13  Marine  
  113  11:15  Marauder  
  113  11:16  Marine  
  113  11:17  Viking x2  
  121  11:22  Barracks Tech Lab, Widow Mine x2  
  125  11:27  Marine  
  125  11:29  Marine  
  125  11:30  SCV x2, Marine x2  
  125  11:31  SCV  
  125  11:32  Marauder  
  134  11:36  Marine x2  
  134  11:37  Marauder  
  138  11:42  SCV  
  138  11:45  Marine x2  
  141  11:47  Marine x2, Widow Mine  
  141  11:48  Marine  
  141  11:53  Marauder, Command Center  
  148  11:58  Marauder  
  148  11:59  Marine x2  
  152  12:03  Marauder  
  152  12:05  SCV x2, Marine x2  
  152  12:08  SCV, Marine  
  160  12:12  Sensor Tower  
  160  12:14  Terran Infantry Armor Level 3, Refinery  
  160  12:15  Marauder  
  162  12:16  Missile Turret  
  162  12:17  SCV  
  163  12:28  Supply Depot  
  163  12:30  Supply Depot  
  163  12:31  Supply Depot, Marine  
  163  12:32  Marine, Marauder  
  163  12:33  Drilling Claws  
  163  12:35  Ghost, Widow Mine  
  171  12:39  Marine  
  172  12:46  Refinery  
  172  12:50  SCV  
  173  12:55  Marine x4, Marauder  
  173  12:56  Widow Mine  
  181  13:05  Marauder  
  142  13:13  Marine x4  
  142  13:14  Marine x2  
  142  13:16  Marine  
  142  13:17  Planetary Fortress, Marine, Marauder  
  142  13:18  Siege Tank  
  154  13:26  Marauder  
  146  13:31  Marine x3  
  146  13:32  Marine x2  
  147  13:37  Marine  
  147  13:38  Marine, Marauder  
  149  13:47  Marauder  
  149  13:48  Marine  
  149  13:49  Marine x3  
  149  13:50  Marine  
  149  13:51  Marine  
  149  13:55  Marine x2  
  154  13:57  Medivac x2  
  154  14:00  Marauder  
  162  14:06  Marine  
  162  14:07  Marine x2  
  162  14:08  Marine x2  
  162  14:09  Marine, Marauder  
  170  14:19  Marine x2  
  170  14:21  Marauder  
  174  14:30  Marauder  
  146  14:32  Marine  
  146  14:34  Marine  
  146  14:35  Marine x2  
  131  14:42  Marauder  
  131  14:43  Siege Tank, Marine x2  
  134  14:51  Marine, Terran Ship Weapons Level 2, Marauder  
  134  14:52  Marine x2  
  139  14:54  Starport Tech Lab  
  139  14:56  Starport  
  139  15:04  Marauder  
  139  15:05  Starport  
  141  15:11  Starport  
  141  15:13  Marauder  
  143  15:15  Siege Tank  
  143  15:20  Marine x3  
  149  15:23  Marine x2  
  149  15:25  Marauder  
  153  15:30  Command Center  
  153  15:31  Raven  
  153  15:34  Marauder  
  157  15:40  Command Center  
  157  15:47  Marauder  
  157  15:49  Marine x2  
  161  15:50  Marine x4  
  161  15:56  Planetary Fortress, Marauder  
  167  16:08  Marauder  
  165  16:14  Marine x2  
  165  16:16  Marine x3, Ghost  
  165  16:17  Starport Tech Lab  
  127  16:21  Medivac  
  127  16:22  Marine x2  
  127  16:25  Marine  
  117  16:28  Ghost  
  117  16:32  Marine x2  
  121  16:34  Marine x2  
  121  16:38  Marine  
  105  16:40  Marine x2  
  105  16:43  Marine  
  105  16:46  Marauder  
  110  16:49  Marine  
  110  16:50  Marine  
  110  16:51  Marine x2, Medivac  
  110  16:53  Liberator x2  
  116  16:55  Marine  
  116  16:57  Ghost  
  116  16:59  Starport Reactor  
  119  17:07  Marauder, Sensor Tower  
  121  17:12  Marine x4  
  121  17:15  Viking  
  133  17:21  Viking  
  133  17:22  Refinery  
  135  17:24  Orbital Command, Refinery  
  135  17:26  Marauder, Liberator x2  
  135  17:28  Marauder  
  139  17:35  Marine  
  139  17:36  Marine x2  
  142  17:37  Planetary Fortress  
  142  17:42  Marine  
  149  17:48  Marauder  
  149  17:49  Raven  
  149  17:50  Marauder  
  155  17:51  Viking  
  155  17:55  Liberator  
  157  18:02  Marine x2  
  157  18:03  Fusion Core  
  157  18:04  Liberator  
  159  18:09  Marauder  
  159  18:10  Marine x2  
  159  18:11  Marauder  
  159  18:12  Medivac  
  173  18:31  Marauder  
  173  18:32  Marauder  
  140  18:44  Viking x3, Marine x3  
  140  18:47  Marine x2  
  147  18:48  Viking  
  147  18:49  Marine x3  
  147  18:52  Marauder  
  147  18:54  Marauder  
  156  18:55  Viking  
  156  19:02  Marine x2  
  160  19:04  Marine  
  160  19:06  Marine x2  
  160  19:07  Marine  
  167  19:13  Marauder  
  167  19:15  Marauder  
  139  19:27  Marine x5  
Show
View Real Time Build Order
Export as new Build Order

NiMRoD Protoss - Winner!

Build Orders: 1 Gate Expand, Colossus Rush 

Get SALT Encoding   

  12  0:00  Probe  
  13  0:12  Probe  
  14  0:20  Pylon  
  14  0:24  Probe  
  15  0:35  Probe  
  15  0:40  Gateway  
  16  0:43  Probe  
  17  0:51  Assimilator  
  17  0:52  Probe  
  18  1:04  Probe  
  19  1:16  Probe  
  20  1:25  Nexus  
  20  1:37  Cybernetics Core  
  20  1:41  Assimilator  
  20  1:45  Probe  
  21  1:57  Probe  
  21  1:58  Pylon  
  21  2:09  Probe  
  21  2:14  Warp Gate  
  22  2:16  Stalker  
  22  2:19  Probe  
  25  2:27  Probe  
  25  2:35  Probe  
  25  2:37  Pylon  
  26  2:38  Probe  
  28  2:46  Stalker  
  30  2:54  Shield Battery  
  30  3:00  Probe x2  
  32  3:07  Shield Battery  
  32  3:09  Probe  
  32  3:12  Probe  
  34  3:16  Sentry  
  34  3:17  Probe  
  36  3:24  Probe  
  36  3:25  Robotics Facility  
  36  3:26  Probe  
  39  3:36  Probe  
  39  3:38  Probe  
  41  3:42  Stalker  
  44  3:48  Probe  
  44  3:50  Probe  
  45  4:00  Probe  
  45  4:02  Gateway  
  46  4:07  Pylon  
  46  4:08  Probe  
  47  4:10  Assimilator  
  47  4:12  Probe, Pylon x2  
  47  4:14  Assimilator  
  47  4:16  Observer  
  48  4:19  Pylon  
  48  4:20  Probe  
  50  4:26  Robotics Bay  
  50  4:32  Stalker, Immortal  
  56  4:38  Probe  
  56  4:40  Probe  
  58  4:46  Shield Battery  
  58  4:50  Probe  
  58  4:52  Probe  
  60  5:03  Probe  
  60  5:05  Probe  
  60  5:06  Colossus  
  62  5:15  Probe  
  62  5:17  Probe  
  70  5:27  Probe  
  71  5:29  Probe  
  71  5:33  Stalker  
  71  5:34  Stalker  
  76  5:36  Nexus  
  76  5:37  Pylon  
  76  5:40  Pylon  
  76  5:49  Forge  
  75  5:56  Probe  
  76  6:00  Observer  
  76  6:03  Probe  
  78  6:05  Extended Thermal Lance  
  78  6:08  Probe  
  79  6:11  Forge  
  79  6:12  Pylon  
  79  6:15  Probe  
  80  6:20  Probe  
  80  6:24  Stalker  
  80  6:25  Sentry  
  91  6:27  Probe  
  93  6:32  Probe  
  93  6:36  Twilight Council  
  93  6:39  Probe  
  88  6:46  Colossus  
  85  6:56  Zealot x2  
  85  7:07  Probe x2, Pylon, Protoss Ground Weapons Level 1  
  85  7:08  Protoss Ground Armor Level 1  
  87  7:09  Stalker  
  87  7:10  Stalker  
  91  7:16  Probe x2  
  91  7:17  Nexus  
  93  7:24  Probe x2  
  95  7:33  Probe  
  96  7:46  Photon Cannon x2  
  96  7:47  Charge  
  96  7:48  Photon Cannon  
  96  7:51  Probe x2, Assimilator  
  97  7:54  Colossus, Photon Cannon  
  97  7:56  Assimilator  
  104  8:02  Zealot x2  
  104  8:03  Probe x2, Photon Cannon  
  110  8:06  Photon Cannon  
  96  8:12  Gateway  
  96  8:15  Probe  
  97  8:29  Probe x2  
  97  8:30  Probe  
  100  8:44  Probe, Templar Archives  
  100  8:47  Gateway  
  101  8:48  Gateway  
  101  8:49  Gateway  
  101  8:53  Probe  
  102  8:57  Zealot x2  
  106  9:10  Immortal  
  106  9:12  Protoss Ground Weapons Level 2  
  106  9:14  Protoss Ground Armor Level 2  
  110  9:27  Psionic Storm  
  110  9:36  Nexus  
  110  9:38  Pylon  
  110  9:39  Pylon  
  110  9:44  Pylon  
  105  10:14  Colossus  
  61  10:22  High Templar x6  
  77  10:31  Probe x3  
  80  10:43  Probe x3  
  80  10:44  Pylon  
  80  10:47  Gateway  
  80  10:49  Gateway  
  79  10:57  Gateway  
  79  10:59  Gateway x2  
  79  11:03  Zealot x4  
  79  11:04  Zealot  
  85  11:13  High Templar  
  85  11:14  Probe  
  85  11:15  Probe  
  85  11:17  Probe x2, Protoss Ground Weapons Level 3  
  85  11:18  Protoss Ground Armor Level 3  
  91  11:22  Probe  
  91  11:23  Probe  
  91  11:29  Probe x2  
  91  11:31  Probe x2  
  95  11:34  Nexus  
  95  11:37  Pylon  
  95  11:39  Pylon  
  97  11:41  Probe x2, Stalker  
  97  11:43  Probe, Pylon, Zealot  
  97  11:44  High Templar  
  97  11:45  High Templar  
  108  11:50  Observer  
  109  12:05  Probe x2  
  109  12:06  Probe  
  109  12:08  Assimilator  
  112  12:12  Assimilator, Observer  
  112  12:13  Sentry  
  112  12:14  Sentry  
  117  12:16  High Templar, Photon Cannon  
  117  12:18  Photon Cannon, Zealot x3  
  125  12:22  Photon Cannon  
  125  12:31  Probe x2  
  125  12:32  Probe, Colossus  
  125  12:33  Probe  
  135  12:52  Stargate  
  135  12:53  Stargate  
  135  12:54  Stargate  
  135  12:57  Zealot  
  135  12:58  Zealot x5  
  107  13:15  Zealot x5  
  105  13:24  Zealot  
  105  13:25  Zealot  
  99  13:28  Stalker x4  
  99  13:33  Colossus  
  107  13:39  High Templar x4  
  109  13:47  High Templar x3  
  120  13:57  Zealot x4  
  127  14:12  Fleet Beacon  
  127  14:17  Zealot  
  127  14:18  Zealot x3  
  135  14:27  Colossus  
  125  14:37  Zealot x4  
  133  14:49  Probe x2  
  133  14:50  Probe  
  136  14:53  Nexus  
  136  15:00  High Templar  
  136  15:01  High Templar x5, Probe  
  136  15:03  Protoss Shields Level 1, Nexus  
  136  15:05  Archon x3  
  149  15:35  Assimilator  
  149  15:43  Pylon  
  149  15:45  Pylon  
  149  15:47  Pylon  
  149  15:50  Pylon  
  149  16:01  Probe x3  
  149  16:02  Carrier  
  127  16:27  Carrier x2  
  127  16:31  Probe  
  127  16:32  Probe x2  
  136  16:44  Probe x3  
  139  16:48  Zealot x5  
  139  16:49  High Templar x3, Zealot  
  139  16:50  High Templar x2  
  161  16:59  Assimilator  
  161  17:01  Assimilator, Protoss Shields Level 2  
  161  17:06  Tempest  
  166  17:28  Pylon  
  166  17:30  Probe  
  166  17:31  Tempest  
  166  17:33  High Templar x2  
  166  17:36  Pylon  
  176  17:45  Pylon  
  175  18:01  Tempest  
  175  18:02  Tempest  
  185  18:14  Colossus  
  177  18:42  Carrier  
  177  18:44  Tempest  
  188  18:59  Nexus  
  188  19:00  Zealot x6  
  188  19:01  Pylon  
  200  19:04  Pylon  
  200  19:09  Assimilator  
  200  19:11  Assimilator  
  188  19:26  Archon x2  
  188  19:27  Archon x2  
  188  19:28  Archon  
  194  19:42  Zealot x3  
Tags
 
Add a new tag
Caveats
  • Supply blocks, unpowered buildings, or Contaminate may cause inaccurate times.
  • Supply counts are checked every 10 seconds.